 Dungeon Crawl Stone Soup version 0.31-a0-876-gfe8ebadbca (webtiles) character file.

Game seed: 5273982598232959751

669 Shayle the Changeling (level 7, -7/56 HPs)
             Began as a Human Shapeshifter on Oct 13, 2023.
             Was an Initiate of Ashenzari.
             Mangled by an iguana (11 damage)
             ... on level 5 of the Dungeon.
             The game lasted 00:09:10 (3313 turns).

Shayle the Changeling (Human Shapeshifter)          Turns: 3313, Time: 00:09:10

Health: -7/56      AC:  6    Str: 14    XL:     7   Next: 89%
Magic:  7/7        EV: 11    Int: 12    God:    Ashenzari [......]
Gold:   303        SH:  0    Dex: 13    Spells: 6/6 levels left

rFire   . .          .
                       - Unarmed
rCold   . . .        (no shield)
rNeg    . . .        b - +1 ring mail
rPois   .            (helmet currently unavailable)
rElec   .            (cloak currently unavailable)
rCorr   .            (gloves currently unavailable)
SInv    .            (boots currently unavailable)
Will    .....        (no amulet)
Stlth   +            (no ring)
HPRegen 0.29/turn    (no ring)
MPRegen 0.10/turn

%: no passive effects
@: mighty, beast-form
A: beast (slay +3)
a: Begin Untransformation, Renounce Religion, Curse Item


You were on level 5 of the Dungeon.
You worshipped Ashenzari.
Ashenzari was noncommittal.
You were a hulking beast.
You visited 1 branch of the dungeon, and saw 5 of its levels.

You collected 303 gold pieces.

Inventory:

Missiles
 h - a throwing net
Armour
 a - a +0 animal skin
 b - a +1 ring mail (worn)
Talismans
 c - a beast talisman (active)
 d - a flux talisman
Wands
 g - a wand of light (9)
Scrolls
 f - 2 scrolls of poison
 i - 3 scrolls of torment
 m - a scroll of blinking
Potions
 e - 2 potions of haste {unknown}
 n - a potion of curing
 s - a potion of attraction {unknown}


   Skills:
 + Level 5.4 Fighting
 - Level 2.4 Dodging
 - Level 3.3 Unarmed Combat
 + Level 5.8 Shapeshifting


You had 6 spell levels left.
You didn't know any spells.
Your spell library contained the following spells:

 Spells                   Type           Power      Damage    Failure   Level
 Apportation              Tloc           0%         N/A       56%         1
 Slow                     Hex            0%         N/A       56%         1
 Summon Small Mammal      Summ           0%         N/A       56%         1
 Ensorcelled Hibernation  Hex/Ice        0%         N/A       71%         2
 Passwall                 Tmut/Erth      0%         N/A       71%         2
 Static Discharge         Conj/Air       0%         2-2/arc   71%         2
 Call Canine Familiar     Summ           0%         N/A       90%         3
 Confusing Touch          Hex            0%         N/A       90%         3
 Sigil of Binding         Hex            0%         N/A       90%         3
 Summon Guardian Golem    Hex/Summ       0%         N/A       90%         3
 Swiftness                Air            0%         N/A       90%         3
 Vampiric Draining        Necr           0%         2d6       90%         3
 Fulminant Prism          Conj/Hex       0%         3d5       100%        4
 Bombard                  Conj/Erth      0%         9d1       100%        6


Dungeon Overview and Level Annotations

Branches:
Dungeon (5/15)
 Temple: D:4-7

Altars:
Ashenzari
Cheibriados
Kikubaaqudgha
Qazlal
Ru
Zin

Shops:
D:1 [


Message History

The centaur barely misses you. The centaur misses you.
You feel very mighty all of a sudden. The centaur barely misses you.
The centaur kicks you but does no damage.
The centaur hits you.
The centaur kicks you but does no damage.
You barely miss the centaur.
The centaur is moderately wounded.
The centaur hits you but does no damage.
The centaur kicks you but does no damage.
You hit the centaur.
The centaur is moderately wounded.
The centaur barely misses you.
The centaur kicks you but does no damage.
The centaur closely misses you.
The centaur kicks you but does no damage.
You closely miss the centaur.
The centaur is moderately wounded.
The centaur misses you.
The centaur kicks you but does no damage.
You barely miss the centaur.
The centaur is moderately wounded.
The centaur hits you. The centaur closely misses you. The iguana bites you!
* * * LOW HITPOINT WARNING * * *
Unknown command.
You completely miss the centaur.
The centaur is moderately wounded.
The centaur hits you.
* * * LOW HITPOINT WARNING * * *
The centaur kicks you but does no damage.
The iguana bites you.
* * * LOW HITPOINT WARNING * * *
The centaur barely misses you.
The centaur kicks you but does no damage.
You completely miss the centaur.
The centaur is moderately wounded.
The centaur misses you.
The centaur kicks you but does no damage.
The iguana bites you!
You die...

.......c..............####.......
.........................'.......
..$...................####.......
.........................#†......
........l.............##.........
......$........)......####.......
......................## #.......
...............).c.....# #.......
####.###.#######h#.#.#.# ########
#...#.#### ##l....#<#
#......###..#...###
##.###.##..###### #..##.##.##
##....##.# ###.>...# #######


You could see a centaur and an iguana.

Vanquished Creatures
  Grinder (D:3)
  A sky beast (D:4)
  A black bear (D:3)
  A phantom (D:4)
  A hound (D:4)
  2 iguanas
  An orc wizard (D:3)
  2 adders
  A worm (D:3)
  4 dart slugs
  5 orcs
  9 ball pythons
  3 endoplasms
  2 giant cockroaches
  7 goblins
  10 hobgoblins
  4 jackals
  5 kobolds
  4 quokkas
  6 bats
  7 frilled lizards
  8 rats
85 creatures vanquished.

Notes
Turn   | Place    | Note
-------+----------+-------------------------------------------
     0 | D:1      | Shayle the Human Shapeshifter began the quest for the Orb.
     0 | D:1      | Reached XP level 1. HP: 15/15 MP: 1/1
   143 | D:1      | Reached XP level 2. HP: 21/21 MP: 2/2
   204 | D:1      | Found Wecefuwa's Antique Armour Shop.
   585 | D:2      | Reached XP level 3. HP: 19/26 MP: 3/3
  1246 | D:3      | Found a broken altar of Ashenzari.
  1253 | D:3      | Became a worshipper of Ashenzari the Shackled
  1282 | D:3      | Found a snail-covered altar of Cheibriados.
  1384 | D:3      | Reached XP level 4. HP: 24/33 MP: 4/4
  1522 | D:3      | Noticed Grinder
  1535 | D:3      | Paralysed by Grinder for 5 turns
  1545 | D:3      | Killed Grinder
  1546 | D:3      | Reached XP level 5. HP: 38/42 MP: 5/5
  1546 | D:3      | Reached XP level 6. HP: 43/48 MP: 6/6
  1601 | D:3      | Noticed a black bear
  1612 | D:3      | Killed a black bear
  1801 | D:3      | Reached skill level 5 in Shapeshifting
  1801 | D:3      | Reached XP level 7. HP: 46/55 MP: 7/7
  1965 | D:3      | Found a large runed translucent door.
  1965 | D:3      | Found a large runed translucent door.
  2132 | D:3      | Found a stormy altar of Qazlal.
  2136 | D:3      | Found a glowing silver altar of Zin.
  2381 | D:4      | Found an ancient bone altar of Kikubaaqudgha.
  2388 | D:4      | Found a sacrificial altar of Ru.
  2516 | D:4      | Reached skill level 5 in Fighting
  2721 | D:4      | Got a murmuring book
  3094 | D:5      | Entered Level 5 of the Dungeon
  3313 | D:5      | Mangled by an iguana

Illustrated notes

Levels and vault maps discovered:
D:1:      mrwooster_arrival_statue_2, layout_basic, serial_shops, shop,
          kennysheep_crisscross, minivault_4
D:2:      layout_basic
D:3:      minmay_diamond_boxcup, layout_rooms, slow_altar_2,
          cheibrodos_ashenzari_chains, jmf_multi_god_temple2, interstate_on_off,
          uniq_grinder
D:4:      layout_loops_ring, mainiacjoe_overflow_big_doors, serial_rivers,
          chequers_serial_rivers_micro_d, chequers_serial_rivers_room_a,
          chequers_serial_rivers_micro_d, chequers_serial_rivers_small_3,
          chequers_serial_rivers_micro_a, chequers_serial_rivers_small_3
D:5:      layout_basic, minmay_overflow_temple_star_quad, serial_shops,
          nicolae_shop_behind_doors, shop, nicolae_lakefront_shop,
          nicolae_shop_tiny_glass, minivault_27, roderic_serpentine_path

Skill      XL: |  1  2  3  4  5  6  7 |
---------------+----------------------+-----
Fighting       | 2 3 4 5 |  5.4
Shapeshifting  | 4 5 |  5.8
Dodging        | |  2.4
Unarmed Combat | |  3.3

Action                     |  1- 3 |  4- 6 |  7- 9 || total
---------------------------+-------+-------+-------++-------
  Melee: Unarmed           |    98 |    49 |   154 ||   301
         Punch             |     4 |     1 |     6 ||    11
  Evoke: Wand              |       |     7 |     1 ||     8
    Use: Scroll            |     4 |       |    10 ||    14
         Potion            |       |     3 |     1 ||     4
   Stab: Sleeping          |     3 |     1 |       ||     4
         Invisible         |       |     2 |       ||     2
 Armour: Animal skin       |    48 |    30 |       ||    78
         Skin              |       |    22 |       ||    22
         Ring mail         |       |       |    94 ||    94
  Dodge: Dodged            |    56 |    47 |    84 ||   187

Table legend: (Time is in decaauts)
 A = Elapsed time spent in this place.
 B = Non-inter-level travel time spent in this place.
 C = Inter-level travel time spent in this place.
 D = Time resting spent in this place.
 E = Time spent auto-exploring this place.
 F = Levels seen in this place.
 G = Mean time per level.
                   A        B        C        D        E       F      G
               +--------+--------+--------+--------+--------+-----+--------+
         Total |   3299 |   3251 |     48 |    293 |   2005 |   5 |  659.8 |
       Dungeon |   3299 |   3251 |     48 |    293 |   2005 |   5 |  659.8 |
               +--------+--------+--------+--------+--------+-----+--------+

Top non-repeatable levels by time:
     D:3: 962 daAuts
     D:4: 926 daAuts
     D:2: 713 daAuts
     D:1: 479 daAuts
     D:5: 217 daAuts
